 Dungeon Crawl Stone Soup version 0.31-a0-187-gba352fbbf7 (webtiles) character file.

Game seed: 14572514788308704308

156 qw the Skirmisher (level 5, -15/29 HPs)
             Began as a Deep Elf Hunter on June 22, 2023.
             Blown up by Ijyb (17 damage)
             ... with a mindburst bolt
             ... on level 3 of the Dungeon.
             The game lasted 00:00:36 (1354 turns).

qw the Skirmisher (Deep Elf Hunter)                 Turns: 1354, Time: 00:00:37

Health: -15/29     AC:  5    Str: 10    XL:     5   Next: 14%
Magic:  7/7        EV: 11    Int: 14    God:
Gold:   90         SH:  0    Dex: 18    Spells: 4/4 levels left

rFire   . . .        Y - +0 shortbow
rCold   . . .        (shield currently unavailable)
rNeg    . . .        d - +0 ring mail
rPois   .            (no helmet)
rElec   .            (no cloak)
rCorr   .            (no gloves)
SInv    .            (no boots)
Will    .....        (no amulet)
Stlth   +            (no ring)
HPRegen 0.24/turn    (no ring)
MPRegen 0.10/turn

%: no passive effects
@: no status effects
A: no striking features
a: no special abilities


You were on level 3 of the Dungeon.
You visited 1 branch of the dungeon, and saw 3 of its levels.

You collected 90 gold pieces.


   Skills:
 - Level 1.5 Fighting
 + Level 8.6 Ranged Weapons
 - Level 2.4 Dodging
 - Level 1.2 Stealth


You had 4 spell levels left.
You didn't know any spells.
Your spell library was empty.

Inventory:

Hand Weapons
 Y - a +0 shortbow (weapon)
Armour
 d - a +0 ring mail (worn)
Scrolls
 b - a scroll of identify
Potions
 a - a potion of magic {unknown}
 f - a potion of curing
 g - a potion of brilliance {unknown}

Dungeon Overview and Level Annotations

Branches:
Dungeon (3/15)

Altars:

Annotations:
D:3 Ijyb


Message History

You see here a +0 dagger.
Ijyb the Twisted Goblin comes into view.
She is wielding a +0 dagger and carrying a wand of mindburst (12).
Enter note:
Enter note: You shoot an arrow.
The arrow hits Ijyb.
Ijyb shouts!
Ijyb is lightly wounded.
You shoot an arrow. The arrow closely misses Ijyb.
You shoot an arrow. The arrow closely misses Ijyb.
You shoot an arrow. The arrow hits Ijyb but does no damage.
Ijyb is lightly wounded.
Ijyb barely misses you.
You shoot an arrow. The arrow hits Ijyb!
Ijyb is moderately wounded.
Ijyb zaps a wand.
Your mind is blasted!
You shoot an arrow. The arrow closely misses Ijyb.
Ijyb hits you but does no damage. Ijyb misses you.
You shoot an arrow. The arrow hits Ijyb but does no damage.
Ijyb is moderately wounded.
Ijyb barely misses you.
You shoot an arrow. The arrow closely misses Ijyb.
Ijyb barely misses you.
You shoot an arrow. The arrow completely misses Ijyb.
Ijyb hits you with a +0 dagger.
You shoot an arrow. The arrow barely misses Ijyb.
Ijyb hits you with a +0 dagger.
You shoot an arrow. The arrow hits Ijyb.
Ijyb is moderately wounded.
Ijyb hits you but does no damage.
You shoot an arrow. The arrow hits Ijyb.
Ijyb is heavily wounded.
Ijyb zaps a wand.
Your mind is blasted!
You shoot an arrow. The arrow hits Ijyb.
Ijyb is severely wounded.
Ijyb hits you with a +0 dagger.
You shoot an arrow. The arrow hits Ijyb but does no damage.
Ijyb is severely wounded.
Ijyb zaps a wand.
Your mind is blasted!
Ouch! That really hurt!
You die...

#####.##...........#.
#.#..............
##.#.##.#>...####.
###....##.#.#.#####.
#.......#...#.......
#######...........##
##............#
#####.)............
#.@................
#.....g###..............
#.....# #..............
#....# #..............
#.... ............)..
#... .............#. #..
.....%..#.##<.## ...
.....)..#..#..# # .#...


You could see Ijyb.

Vanquished Creatures
  Natasha (thrice) (D:2)
  4 adders
  A worm (D:2)
  An orc (D:2)
  5 ball pythons
  5 bats
  3 endoplasms
  4 hobgoblins
  5 kobolds
  4 quokkas
  4 frilled lizards
  3 goblins
  A rat (D:1)
43 creatures vanquished.

Notes
Turn   | Place    | Note
-------+----------+-------------------------------------------
     0 | D:1      | qw the Deep Elf Hunter began the quest for the Orb.
     0 | D:1      | Reached XP level 1. HP: 12/12 MP: 3/3
     0 | D:1      | 0 ||| qw: Version: 0.3-a-9-g12657ce
     0 | D:1      | 0 ||| qw: Game counter: 2006
     0 | D:1      | 0 ||| qw: Always use a shield: true
     0 | D:1      | 0 ||| qw: God list: Okawaru
     0 | D:1      | 0 ||| qw: Allow faded altars: false
     0 | D:1      | 0 ||| qw: Do Orc after D:15 true
     0 | D:1      | 0 ||| qw: Do second Lair branch before Depths: true
     0 | D:1      | 0 ||| qw: Lair rune preference: random
     0 | D:1      | 0 ||| qw: Plans: Normal
     0 | D:1      | 0 ||| PLANNING D:1-11
   261 | D:1      | Reached skill level 6 in Ranged Weapons
   261 | D:1      | Reached XP level 2. HP: 16/16 MP: 4/4
   541 | D:1      | 541 ||| READING scroll labelled QIK NURAHUV.
   544 | D:1      | 544 ||| READING scroll labelled DIECAA DOABLE.
   576 | D:1      | 576 ||| READING scroll labelled ZUMIVVULIU.
   577 | D:1      | 577 ||| DROPPING scroll of butterflies.
   615 | D:2      | 615 ||| FLEEEEING.
   616 | D:2      | 616 ||| STAIRDANCE
   650 | D:2      | 650 ||| STAIRDANCE
   656 | D:1      | Reached XP level 3. HP: 10/20 MP: 5/5
   850 | D:2      | Noticed Natasha
   855 | D:2      | Killed Natasha
   856 | D:2      | Reached skill level 7 in Ranged Weapons
   856 | D:2      | Reached XP level 4. HP: 25/25 MP: 6/6
  1025 | D:2      | Noticed Natasha
  1034 | D:2      | HP: 5/25 [Natasha (5)]
  1035 | D:2      | 1035 ||| DRINKING potion of heal wounds.
  1038 | D:2      | Killed Natasha
  1039 | D:2      | Reached skill level 8 in Ranged Weapons
  1138 | D:2      | Noticed Natasha
  1149 | D:2      | Killed Natasha
  1242 | D:2      | 1242 ||| UPGRADING to +0 ring mail.
  1252 | D:2      | 1252 ||| DROPPING +0 leather armour.
  1253 | D:2      | 1253 ||| READING scroll labelled TETUDY DILET.
  1254 | D:2      | 1254 ||| DRINKING 2 coppery potions.
  1295 | D:3      | Reached XP level 5. HP: 27/29 MP: 7/7
  1340 | D:3      | Noticed Ijyb
  1352 | D:3      | HP: 5/29 [disintegration (8)]
  1353 | D:3      | HP: 2/29 [Ijyb/+0 dagger (3)]
  1354 | D:3      | Blown up by Ijyb

Levels and vault maps discovered:
D:1:      wander_arrival_chamber, layout_basic
D:2:      layout_basic, corexii_hall_statues_u, uniq_natasha
D:3:      minmay_door_path, layout_rooms, serial_shops, nicolae_shop_stone,
          uniq_ijyb

Skill      XL: |  1  2  3  4 |
---------------+-------------+-----
Ranged Weapons | 6 7 8 |  8.6
Fighting       | |  1.5
Dodging        | |  2.4
Stealth        | |  1.2

Action                     |  1- 3 |  4- 6 || total
---------------------------+-------+-------++-------
   Fire: Shortbow          |    74 |    68 ||   142
    Use: Scroll            |     3 |     1 ||     4
         Potion            |       |     2 ||     2
 Armour: Leather armour    |     4 |     5 ||     9
         Ring mail         |       |     3 ||     3
  Dodge: Dodged            |    14 |    21 ||    35

Table legend:
 A = Non-vault XP
 B = Vault XP
 C = Vault XP percentage of total XP
 D = Non-vault monster count
 E = Vault monster count
 F = Vault count percentage of total count
                 A         B        C        D         E       F
            +---------+---------+-------+---------+---------+-------
      Total |     188 |      35 |  15.7 |      42 |       1 |   2.3
            +---------+---------+-------+---------+---------+-------
        D:1 |      42 |       0 |   0.0 |      18 |       0 |   0.0
        D:2 |     113 |      35 |  23.6 |      18 |       1 |   5.3
        D:3 |      33 |       0 |   0.0 |       6 |       0 |   0.0
            +---------+---------+-------+---------+---------+-------
